 Dungeon Crawl Stone Soup version 0.30.1-3-gfc49f6343a (webtiles) character file.

Game seed: 13933982386256200314

228 Kranky the Poker (level 5, -3/72 HPs)
             Began as a Minotaur Berserker on Aug 3, 2023.
             Was a Believer of Trog.
             Killed from afar by an orc wizard (7 damage)
             ... with a puff of flame
             ... on level 4 of the Dungeon.
             The game lasted 00:03:08 (2616 turns).

Kranky the Poker (Minotaur Berserker)               Turns: 2616, Time: 00:03:09

Health: -3/72      AC:  9    Str: 23    XL:     5   Next: 70%
Magic:  4/4        EV:  9    Int:  4    God:    Trog [**....]
Gold:   238        SH:  3    Dex: 10    Spells: 4/4 levels left

rFire   . . .        o - +0 trident
rCold   . . .        l - +0 buckler
rNeg    . . .        k - +0 chain mail
rPois   .            (helmet restricted)
rElec   .            (no cloak)
rCorr   .            (no gloves)
SInv    .            (no boots)
Will    .....        (no amulet) Stlth
                     (no ring)
HPRegen 0.32/turn    (no ring)
MPRegen 0.09/turn

%: no passive effects
@: berserking, very quick
A: horns 2, retaliatory headbutt
a: Renounce Religion, Berserk, Trog's Hand


You were on level 4 of the Dungeon.
You worshipped Trog.
Trog was pleased with you.
You visited 1 branch of the dungeon, and saw 4 of its levels.

You collected 238 gold pieces.

Inventory:

Hand Weapons
 a - a +0 spear
 o - a +0 trident (weapon)
Armour
 b - a +0 animal skin
 f - a +0 ring mail
 k - a +0 chain mail (worn)
 l - a +0 buckler (worn)
Wands
 q - a wand of roots (28)
Scrolls
 c - 3 scrolls of identify {unknown}
 e - 2 scrolls of immolation {unknown}
 g - a scroll of acquirement {unknown}
 h - 2 scrolls of enchant armour {unknown}
 j - a scroll of fog {unknown}
 n - a scroll of fear {unknown}
 p - a scroll of noise {unknown}
 r - a scroll of brand weapon {unknown}
 s - a scroll of amnesia {unknown}
Potions
 d - a potion of berserk rage {unknown}
 i - 3 potions of mutation {unknown}
 m - a potion of lignification {unknown}
 t - a potion of flight {unknown}


   Skills:
 + Level 5.0 Fighting
 + Level 5.0 Polearms
 + Level 4.1 Armour
 + Level 3.7 Dodging


You had 4 spell levels left.
You didn't know any spells.
Your spell library was empty.

Dungeon Overview and Level Annotations

Branches:
Dungeon (4/15)             Temple (0/1) D:4

Altars:
Yredelemnul

Shops:
D:2 =


Innate Abilities, Weirdness & Mutations

You have a pair of horns on your head.
You reflexively headbutt those who attack you in melee.


Message History

The orc hits you but does no damage.
The orc priest invokes the aid of Beogh against you.
Beogh smites you!
Okay, then.
The orc wizard casts a spell at you.
The magic dart hits you but does no damage.
You bump into the rock wall.
The orc wizard hits you but does no damage.
The orc wizard attacks as you move away!
The orc wizard closely misses you.
The orc priest mumbles some strange prayers to Beogh against you.
Beogh smites you!
* * * LOW HITPOINT WARNING * * *
You bump into the rock wall.
You feel less confused. The orc wizard barely misses you.
You hit the orc wizard but do no damage.
The orc wizard is almost dead.
The orc wizard gestures wildly while chanting.
The orc wizard flickers and vanishes!
Deactivating autopickup; reactivate with Ctrl-A.
The orc hits you but does no damage.
A red film seems to cover your vision as you go berserk!
You feel yourself moving faster!
You feel mighty!
You hear some strange, mumbled words.
A magic dart appears from out of thin air!
The magic dart hits you.
* * * LOW HITPOINT WARNING * * *
The orc hits you with a +0 short sword.
* * * LOW HITPOINT WARNING * * *
The orc priest invokes the aid of Beogh against you.
Beogh smites you!
* * * LOW HITPOINT WARNING * * *
You puncture the orc!
You kill the orc!
Trog accepts your kill.
You hear some strange, mumbled words.
A puff of flame appears from out of thin air!
The puff of flame hits you!
You die...

## ..# #.# ##. ##.###
... .... #.## #
#..###... . . #..#o..
... # #.)#.#...# ###.##
#@{o....# ......
#.##.#### #.#.## #.# .#
####....# ..######.# .#
#........ .........# .#
##.##....#
.#####.###.####...#.#.#
#...).#............##
#.#.#.######...#.....
#.#...........##.####


You could see an orc priest.

Vanquished Creatures
  An iguana (D:4)
  An orc wizard (D:3)
  2 hound zombies (D:3)
  5 adders
  2 white imps
  An ufetubus (D:4)
  A worm (D:4)
  A dart slug (D:4)
  10 orcs
  8 bats
  5 endoplasms
  A giant cockroach (D:1)
  4 goblins
  7 hobgoblins
  3 jackals (D:1)
  4 quokkas
  4 ball pythons
  2 ball python zombies (D:3)
  A frilled lizard (D:2)
  6 kobolds
  3 rats
72 creatures vanquished.

Notes
Turn   | Place    | Note
-------+----------+-------------------------------------------
     0 | D:1      | Kranky the Minotaur Berserker began the quest for the Orb.
     0 | D:1      | Reached XP level 1. HP: 19/19 MP: 0/0
   190 | D:1      | Found a faded altar of an unknown god.
   256 | D:1      | Reached XP level 2. HP: 27/27 MP: 1/1
   859 | D:2      | Found Feclec's Jewellery Shoppe.
   883 | D:2      | Reached XP level 3. HP: 33/33 MP: 2/2
   906 | D:2      | Reached ** piety under Trog
  1540 | D:3      | Found a basalt altar of Yredelemnul.
  1548 | D:3      | Reached XP level 4. HP: 41/41 MP: 3/3
  2092 | D:4      | Reached XP level 5. HP: 47/47 MP: 4/4
  2161 | D:4      | Found a staircase to the Ecumenical Temple.
  2310 | D:4      | Reached skill level 5 in Polearms
  2542 | D:4      | Reached skill level 5 in Fighting
  2616 | D:4      | Killed from afar by an orc wizard

Illustrated notes

Levels and vault maps discovered:
D:1:      dpeg_arrival_orchard, layout_loops_ring,
          ebering_ecumenical_altar_sacrificial
D:2:      layout_loops_ring, serial_shops, shop
D:3:      layout_loops_ring, nicolae_yredelemnul_corpse_copse,
          minmay_fountain_box, st_stairs_12
D:4:      layout_loops_ring, minmay_temple_entry_trees, nicolae_half_adder

Skill      XL: |  1  2  3  4  5 |
---------------+----------------+-----
Fighting       | 4 5 |  5.0
Polearms       | 4 5 |  5.0
Armour         | 3 4 |  4.1
Dodging        | 3 |  3.7

Action                     |  1- 3 |  4- 6 || total
---------------------------+-------+-------++-------
  Melee: Spear             |   111 |    56 ||   167
         Headbutt          |     9 |    16 ||    25
         Trident           |       |    69 ||    69
 Invoke: Berserk           |       |     2 ||     2
 Armour: Animal skin       |     7 |       ||     7
         Ring mail         |     4 |       ||     4
         Chain mail        |    13 |    51 ||    64
  Dodge: Dodged            |    37 |    51 ||    88
  Block: Buckler           |     1 |    17 ||    18
